 Dungeon Crawl Stone Soup version 0.28.0-45-g0d030f2227 (webtiles) character file.

Game seed: 11415229687609827751

147 issech the Bolt Thrower (level 5, 0/45 HPs)
             Began as a Minotaur Hunter on Apr 2, 2022.
             Slain by an orc
             ... wielding a +0 flail
              (6 damage)
             ... on level 3 of the Dungeon.
             The game lasted 00:08:02 (2215 turns).

issech the Bolt Thrower (Minotaur Hunter)           Turns: 2215, Time: 00:08:03

Health: 0/45       AC:  3    Str: 16    XL:     5   Next: 7%
Magic:  4/4        EV: 12    Int:  8    God:
Gold:   75         SH:  0    Dex: 13    Spells: 4/4 levels left

rFire   . . .      SeeInvis .   b - +0 short sword
rCold   . . .      Faith    .   (no shield)
rNeg    . . .      Spirit   .   c - +0 leather armour
rPois   +          Reflect  .   (helmet restricted)
rElec   .          Harm     .   (no cloak)
rCorr   .          Rampage  .   (no gloves)
Will    .....                   (no boots)
Stlth   +.........              (no amulet)
HPRegen 0.15/turn               o - ring of poison resistance
MPRegen 0.09/turn               (no ring)

@: no status effects
A: horns 2, retaliatory headbutt
a: no special abilities


You were on level 3 of the Dungeon.
You visited 1 branch of the dungeon, and saw 3 of its levels.

You collected 75 gold pieces.

Inventory:

Hand Weapons
 a - a +1 hand crossbow
 b - a +0 short sword (weapon)
 w - a +0 hand axe
Missiles
 f - 80 arrows
 g - 4 poisoned darts (quivered)
 h - 49 stones
Armour
 c - a +0 leather armour (worn)
 u - a +0 scale mail
Jewellery
 o - a ring of poison resistance (left hand)
Wands
 v - a wand of paralysis (10)
Scrolls
 e - 2 scrolls of torment {unknown}
 i - 4 scrolls of identify {unknown}
 k - a scroll of fear {unknown}
 l - a scroll of magic mapping {unknown}
 s - a scroll of summoning {unknown}
 t - a scroll of teleportation {unknown}
Potions
 j - a potion of magic {unknown}
 m - a potion of haste {unknown}
 n - a potion of attraction {unknown}
 p - a potion of heal wounds {unknown}
 q - a potion of flight {unknown}
 r - 4 potions of curing {unknown}


   Skills:
 + Level 3.2 Fighting
 + Level 1.0 Short Blades
 + Level 6.0 Crossbows
 + Level 2.3 Armour
 + Level 2.3 Dodging
 + Level 1.0 Stealth


You had 4 spell levels left.
You didn't know any spells.
Your spell library was empty.

Dungeon Overview and Level Annotations

Branches:
Dungeon (3/15)

Altars:

Shops:
D:1 (


Innate Abilities, Weirdness & Mutations

You have a pair of horns on your head.
You reflexively headbutt those who attack you in melee.


Message History

* * * LOW HITPOINT WARNING * * *
You hit the orc.
You kill the orc!
You have reached level 5!
You hit the adder.
The adder is lightly wounded.
The adder bites you.
* * * LOW HITPOINT WARNING * * *
The adder bites you but does no damage.
You closely miss the adder.
The adder is lightly wounded.
The adder bites you.
* * * LOW HITPOINT WARNING * * *
You barely miss the adder.
You headbutt the adder, but do no damage.
The adder is lightly wounded.
The adder misses you. The adder bites you.
* * * LOW HITPOINT WARNING * * *
You miss the adder. The adder bites you.
* * * LOW HITPOINT WARNING * * *
You hit the adder but do no damage. Your headbutt misses the adder.
The adder barely misses you.
You closely miss the adder. You headbutt the adder.
The adder is moderately wounded.
The adder bites you.
* * * LOW HITPOINT WARNING * * *
The adder barely misses you.
You closely miss the adder.
The adder is moderately wounded.
The adder barely misses you.
You closely miss the adder. You headbutt the adder!
You kill the adder!
Your Short Blades skill increases to level 1!
You hit the orc but do no damage. You headbutt the orc.
The orc is almost dead.
The orc barely misses you.
You hit the orc but do no damage.
The orc is almost dead.
The orc hits you with a +0 flail.
You die...

#.#######
#............##.
#.#
#.........##.##.
#.#
#...............
##.#
##........#.####.
###..#
#.........#.# #.
....###
#.###.#####.# ##
###...# ##.# #.#
.# # ###..# #.)#
#.# # ### #@## .#
. #o# . #(# #..
#.. .... .(..
.###.


You could see an orc.

Vanquished Creatures
  Ijyb (D:3)
  Terence (D:2)
  3 gnolls (D:3)
  An adder (D:3)
  10 orcs (D:3)
  4 ball pythons
  4 bats
  3 endoplasms
  6 goblins
  3 hobgoblins
  2 frilled lizards (D:1)
  8 kobolds
  4 rats
50 creatures vanquished.

Notes
Turn   | Place    | Note
-------+----------+-------------------------------------------
     0 | D:1      | issech the Minotaur Hunter began the quest for the Orb.
     0 | D:1      | Reached XP level 1. HP: 18/18 MP: 0/0
   211 | D:1      | Found Wauthryci's Weapon Shoppe.
   252 | D:1      | Reached XP level 2. HP: 18/25 MP: 1/1
   486 | D:1      | Reached skill level 5 in Crossbows
  1298 | D:2      | Noticed Terence
  1305 | D:2      | Killed Terence
  1306 | D:2      | Reached XP level 3. HP: 16/30 MP: 2/2
  2022 | D:3      | Reached XP level 4. HP: 22/38 MP: 3/3
  2172 | D:3      | Noticed Ijyb
  2177 | D:3      | Killed Ijyb
  2178 | D:3      | Reached skill level 1 in Armour
  2178 | D:3      | Reached skill level 1 in Stealth
  2204 | D:3      | Reached skill level 6 in Crossbows
  2206 | D:3      | Reached XP level 5. HP: 13/45 MP: 4/4
  2214 | D:3      | Reached skill level 1 in Short Blades
  2215 | D:3      | Slain by an orc

Illustrated notes

Levels and vault maps discovered:
D:1:      dpeg_arrival_fog, layout_loops_ring, serial_shops, shop
D:2:      layout_loops_ring, serial_glass, glass_columns_a, glass_columns_a,
          uniq_terence
D:3:      minmay_wonky_spiral, layout_rooms, okawaru_metal_pillars_1_2,
          uniq_ijyb

Skill      XL: |  1  2  3  4  5 |
---------------+----------------+-----
Crossbows      | 5 6 |  6.0
Fighting       | 3 |  3.2
Armour         | 2 |  2.3
Stealth        | 1 |  1.0
Short Blades   | 1 |  1.0
Dodging        | |  2.3

Action                   |  1- 3 |  4- 6 || total
-------------------------+-------+-------++-------
Melee: Short sword       |    15 |    32 ||    47
       Headbutt          |     5 |     7 ||    12
 Fire: Hand crossbow     |    64 |    11 ||    75
Armor: Leather armour    |     3 |     3 ||     6
Dodge: Dodged            |    17 |    21 ||    38
